 Dungeon Crawl Stone Soup version 0.29.1-15-g9cfb28693d (webtiles) character file.

Game seed: 11811001052645388386

5370 GigaChad the Cleaver (level 10, -5/90 HPs)
             Began as a Minotaur Fighter on Mar 13, 2023.
             Was an Initiate of Gozag.
             Slain by a yak (11 damage)
             ... on level 9 of the Dungeon.
             The game lasted 00:16:59 (9217 turns).

GigaChad the Cleaver (Minotaur Fighter)             Turns: 9217, Time: 00:17:00

Health: -5/90      AC: 14    Str: 25    XL:     10   Next: 39%
Magic:  9/9        EV:  8    Int:  5    God:    Gozag
Gold:   968        SH:  5    Dex: 10    Spells: 9/9 levels left

rFire   . . .      SeeInvis .   a - +3 war axe
rCold   . . .      Faith    .   c - +0 buckler
rNeg    . . .      Spirit   .   D - +0 plate armour
rPois   .          Reflect  .   (helmet restricted)
rElec   .          Harm     .   (no cloak)
rCorr   .          Rampage  .   (no gloves)
Will    .....                   (no boots)
Stlth   ..........              (no amulet)
HPRegen 0.25/turn               u - +4 ring of slaying
MPRegen 0.11/turn               (no ring)

@: gold aura
A: horns 2, retaliatory headbutt
a: Renounce Religion, Potion Petition, Call Merchant, Bribe Branch


You were on level 9 of the Dungeon.
You worshipped Gozag.
Gozag was pleased with you.
You visited 2 branches of the dungeon, and saw 10 of its levels.

You collected 2971 gold pieces.
You spent 712 gold pieces at shops.
You paid 1291 gold pieces to Gozag.

Inventory:

Hand Weapons
 a - a +3 war axe (weapon)
 l - the +8 hand axe of Ashenzari, Hugging {venom, Int+2}
   (You bought it in a shop on level 7 of the Dungeon)

   It poisons the flesh of those it strikes.
   Int:       It affects your intelligence (+2).
 C - a +0 battleaxe
Armour
 b - a +1 scale mail
 c - a +0 buckler (worn)
 q - a +0 chain mail
 B - the +1 ring mail "Faxagopt" {Int+2 Stlth+}
   (You found it on level 9 of the Dungeon)

   Int:       It affects your intelligence (+2).
   Stlth:     It makes you more stealthy.
 D - a +0 plate armour (worn)
Jewellery
 m - a ring of positive energy
 u - a +4 ring of slaying (left hand)
 w - a ring of see invisible
Wands
 A - a wand of quicksilver (14)
Scrolls
 e - 3 scrolls of poison
 f - 2 scrolls of noise
 r - 6 scrolls of teleportation
 v - a scroll of fear {unknown}
 y - 2 scrolls of magic mapping {unknown}
 z - 3 scrolls of identify
Potions
 d - 2 potions of might
 g - 5 potions of curing
 h - 8 potions of heal wounds
 i - 3 potions of haste {unknown}
 j - a potion of flight {unknown}
 k - a potion of mutation {unknown}
 n - 3 potions of cancellation
 o - 3 potions of lignification {unknown}
 p - a potion of resistance {unknown}
 s - 2 potions of brilliance {unknown}
 t - 2 potions of berserk rage {unknown}
 x - 3 potions of ambrosia {unknown}


   Skills:
 + Level 8.8 Fighting
 + Level 12.3 Axes
 + Level 9.8 Armour
 + Level 3.5 Dodging
 + Level 2.0 Stealth
 + Level 6.0 Shields


You had 9 spell levels left.
You didn't know any spells.
Your spell library contained the following spells:

 Spells                   Type           Power      Damage    Failure   Level
 Shock                    Conj/Air       0%         1d3       100%        1
 Ensorcelled Hibernation  Hex/Ice        0%         N/A       100%        2
 Passwall                 Tmut/Erth      0%         N/A       100%        2
 Poisonous Vapours        Pois/Air       0%         N/A       100%        2
 Dazzling Flash           Conj/Hex       0%         N/A       100%        3
 Stone Arrow              Conj/Erth      0%         3d7       100%        3
 Swiftness                Air            0%         N/A       100%        3
 Animate Armour           Summ/Erth      0%         N/A       100%        4
 Iskenderun's Mystic Bla  Conj/Tloc      0%         2d3       100%        4
 Agony                    Necr           0%         N/A       100%        5
 Freezing Cloud           Conj/Ice/Air   0%         6-21      100%        5
 Silence                  Hex/Air        0%         N/A       100%        5
 Starburst                Conj/Fire      0%         6d3       100%        6
 Lehudib's Crystal Spear  Conj/Erth      0%         10d2      100%        8
 Polar Vortex             Ice            0%         N/A       100%        9
 Corpse Rot               Necr/Pois/Air  Unusable   N/A       N/A         4
 Simulacrum               Ice/Necr       Unusable   N/A       N/A         6

Dungeon Overview and Level Annotations

Branches:
Dungeon (9/15)             Temple (1/1) D:4
   Lair: D:8-11         Orc: D:9-12

Altars:
Ashenzari
Cheibriados
Dithmenos
Elyvilon
Fedhas
Gozag
Hepliaklqana
Kikubaaqudgha
Makhleb
Nemelex Xobeh
Okawaru
Qazlal
Ru
Sif Muna
Trog
Uskayaw
Vehumet
Wu Jian
Xom
Yredelemnul
Zin
The Shining One

Shops:
D:7 ((   D:9 [

Annotations:
D:8 2 transporters


Innate Abilities, Weirdness & Mutations

You have a pair of horns on your head.
You reflexively headbutt those who attack you in melee.


Message History

The yak bellows!
You hit the yak.
The yak is no longer distracted by gold.
The yak is heavily wounded.
You completely miss the yak. You barely miss the yak. The yak gores you!
* * * LOW HITPOINT WARNING * * *
You block the yak's attack.
The yak is distracted by your dazzling golden aura.
You slash the yak!
The yak is no longer distracted by gold.
The yak is almost dead.
You slash the yak!
You kill the yak!
You slash the yak!
You kill the yak!
The yak gores you.
* * * LOW HITPOINT WARNING * * *
You hit the yak. You headbutt the yak.
The yak is almost dead.
You slash the yak! The yak gores you!
* * * LOW HITPOINT WARNING * * *
The yak completely misses you. You furiously retaliate!
You headbutt the yak!
You kill the yak!
Your Stealth skill increases to level 2!
You closely miss the yak.
The yak is moderately wounded.
You block the yak's attack.
You slash the yak!
The yak is heavily wounded.
The yak barely misses you.
You barely miss the yak. Your headbutt misses the yak.
The yak is heavily wounded.
You completely miss the yak.
The yak is heavily wounded.
The yak gores you but does no damage.
You barely miss the yak.
The yak is heavily wounded.
The yak gores you!
You die...
Your body crumbles into a pile of gold.

##.... #....# #....# +.>Y.#
#....+ #...Y#
###+###+##..$.######
#........####......#
#........#$@#......#
#........#$Y#......#
#........#..$......#
#........#.$#......#
#........#..#......# ######
#####........####......####.....
........∩..........####.........
...................'..#.........
...................#..'.........


You could see a yak.

Vanquished Creatures
  Pikel (D:8)
  Prince Ribbit (D:7)
  12 yaks (D:9)
  Eustachio (D:4)
  Menkaure (D:5)
  An orc warrior (D:9)
  An ice beast (D:5)
  2 sky beasts (D:6)
  2 black bears
  An ogre (D:4)
  3 centaurs
  2 phantoms
  3 kobold brigands
  3 lemures (D:8)
  4 bullfrogs
  A necrophage (D:6)
  3 scorpions
  A howler monkey (D:7)
  2 jellies
  8 hounds
  3 orc priests
  A gnoll bouda (D:8)
  3 iguanas
  6 orc wizards
  Robin (D:2)
  9 gnolls
  5 adders
  A shadow imp (D:6)
  A white imp (D:5)
  2 worms
  3 dart slugs
  34 orcs
  6 ball pythons
  6 endoplasms
  4 giant cockroaches
  17 goblins
  12 hobgoblins
  2 quokkas
  6 bats
  3 frilled lizards
  17 kobolds
  10 rats
205 creatures vanquished.

Vanquished Creatures (others)
  3 fungi (D:2)
  11 plants
14 creatures vanquished.

Grand Total: 219 creatures vanquished

Notes
Turn   | Place    | Note
-------+----------+-------------------------------------------
     0 | D:1      | GigaChad the Minotaur Fighter began the quest for the Orb.
     0 | D:1      | Reached XP level 1. HP: 19/19 MP: 0/0
   322 | D:1      | Reached XP level 2. HP: 26/27 MP: 1/1
   613 | D:1      | Reached XP level 3. HP: 33/33 MP: 2/2
   895 | D:2      | Noticed Robin
   899 | D:2      | Reached skill level 3 in Axes
   920 | D:2      | Killed Robin
  1161 | D:2      | Found a faded altar of an unknown god.
  1166 | D:2      | Got Plato's Precepts of Lightning
  1404 | D:2      | Reached XP level 4. HP: 40/40 MP: 3/3
  2185 | D:3      | Reached skill level 1 in Dodging
  2187 | D:3      | HP: 2/41 [poisoned by an adder]
  3151 | D:4      | Noticed a black bear
  3151 | D:4      | Noticed an ogre
  3190 | D:4      | Killed a black bear
  3191 | D:4      | Reached skill level 4 in Axes
  3191 | D:4      | Reached skill level 5 in Armour
  3191 | D:4      | Reached XP level 5. HP: 27/47 MP: 4/4
  3192 | D:4      | Killed an ogre
  3193 | D:4      | Reached skill level 5 in Axes
  3193 | D:4      | Reached XP level 6. HP: 6/53 MP: 5/5
  3676 | D:4      | Identified a scroll of acquirement
  3676 | D:4      | Acquired 845 gold pieces
  3686 | D:4      | Noticed Eustachio
  3709 | D:4      | Killed Eustachio
  3710 | D:4      | Reached skill level 5 in Fighting
  3710 | D:4      | Reached XP level 7. HP: 28/61 MP: 6/6
  4091 | D:4      | Reached skill level 6 in Axes
  4091 | D:4      | Reached skill level 1 in Stealth
  4250 | D:4      | Found a staircase to the Ecumenical Temple.
  4281 | Temple   | Entered the Ecumenical Temple
  4567 | Temple   | Became a worshipper of Gozag Ym Sagoz the Greedy
  4814 | D:5      | Entered Level 5 of the Dungeon
  5238 | D:5      | Noticed Menkaure
  5243 | D:5      | Killed Menkaure
  5244 | D:5      | Reached skill level 7 in Axes
  5428 | D:5      | Reached XP level 8. HP: 69/69 MP: 7/7
  5430 | D:5      | Found a burning altar of Makhleb.
  5744 | D:6      | Reached skill level 8 in Axes
  6184 | D:6      | Reached skill level 5 in Shields
  6526 | D:6      | Reached skill level 9 in Axes
  6633 | D:6      | Reached XP level 9. HP: 54/78 MP: 8/8
  7125 | D:7      | Noticed Prince Ribbit
  7140 | D:7      | Killed Prince Ribbit
  7141 | D:7      | Reached skill level 10 in Axes
  7304 | D:7      | Found Aschoynu's Weapon Emporium.
  7910 | D:7      | Bought the +8 hand axe of Ashenzari, Hugging {venom, Int+2}
                  | for 712 gold pieces
  7979 | D:8      | Found a transporter.
  8021 | D:8      | Found a transporter.
  8080 | D:8      | Noticed Pikel
  8298 | D:8      | Killed Pikel
  8523 | D:8      | Reached skill level 11 in Axes
  8852 | D:9      | Identified the +1 ring mail "Faxagopt" {Int+2 Stlth+}
  8950 | D:9      | Acquired 976 gold pieces
  9030 | D:9      | Reached XP level 10. HP: 67/88 MP: 9/9
  9204 | D:9      | Reached skill level 12 in Axes
  9217 | D:9      | Slain by a yak

Illustrated notes

Levels and vault maps discovered:
D:1:      dpeg_arrival_lava_temple_mockup, layout_loops_ring
D:2:      minmay_door_path, layout_basic, shapermc_ecumenical_altar_rom_forum,
          st_stairs_14, uniq_robin
D:3:      layout_basic, serial_corexii_hall, corexii_hall_statues_x,
          chequers_hall_statues_corner_a, minmay_misc_feat_tiny
D:4:      layout_rooms, temple_fountains, dreamdust_princess_bridge,
          kennysheep_generic_room_9, uniq_eustachio
D:5:      layout_loops_ring, makhleb_heckhound_becter,
          kennysheep_generic_room_15, uniq_menkaure
D:6:      layout_basic, portal_sewer_entry_e
D:7:      layout_basic, nicolae_inconvenience_store, grunt_decor_clamped,
          grunt_ministairs_3, uniq_prince_ribbit1
D:8:      layout_basic, gammafunk_ghost_gnarly_gnolls, hangedman_decor_growths,
          uniq_pikel
D:9:      layout_gridville
Temple:   roderic_octagonal_lattice_temple

Skill      XL: |  1  2  3  4  5  6  7  8  9 10 |
---------------+-------------------------------+-----
Fighting       | 4 5 6 8 |  8.8
Armour         | 4 5 6 8 9 |  9.8
Axes           | 3 4 5 7 9 11 12 | 12.3
Shields        | 4 5 6 |  6.0
Dodging        | 1 2 3 |  3.5
Stealth        | 1 2 |  2.0

Action                   |  1- 3 |  4- 6 |  7- 9 | 10-12 || total
-------------------------+-------+-------+-------+-------++-------
Melee: War axe           |    62 |    71 |   233 |    34 ||   400
       Headbutt          |     8 |    11 |    39 |     7 ||    65
Invok: Call Merchant     |       |       |     2 |       ||     2
  Use: Scroll            |       |     5 |    11 |       ||    16
 Stab: Distracted        |       |       |     2 |     1 ||     3
Armor: Scale mail        |    31 |    31 |    33 |       ||    95
       Chain mail        |       |       |    62 |       ||    62
       Plate armour      |       |       |     2 |    15 ||    17
Dodge: Dodged            |    34 |    42 |    77 |    12 ||   165
Block: Buckler           |    10 |    21 |    53 |     6 ||    90
